| TOP OF THE 1ST |
|
Palm Beach Nationals batting - Pitching for Americus Braves : RHP Ioakim Mozgo
|
|
Pitching: RHP Ioakim Mozgo
|
|
|
Batting: RHB Bobby Bricker
|
0-0: Called Strike 0-1: Ball 1-1: Foul Ball, location: 2F 1-2: Foul Ball, location: 2F 1-2: Ball 2-2: Ball 3-2: Foul Ball, location: 2F 3-2: Fly out, F6 (Popup, 6M, EV 56.3 MPH)
|
|
Batting: RHB Victor Cintron
|
0-0: Ball 1-0: Ball 2-0: Called Strike 2-1: Ball 3-1: Base on Balls
|
|
Batting: LHB Chance McWilliams
|
0-0: Ball 1-0: Ball 2-0: Ball 3-0: Called Strike 3-1: Base on Balls Victor Cintron to second
|
|
Batting: RHB Gabe Almazan
|
0-0: Ball Victor Cintron steals 3rd base 1-0: Ball 2-0: Called Strike 2-1: Swinging Strike 2-2: Ball 3-2: Strikes out swinging
|
|
Batting: RHB Chad Madsen
|
0-0: Ball 1-0: Ball 2-0: Fly out, F7 (Flyball, 7, EV 84.4 MPH)
|
| Top of the 1st over - 0 runs, 0 hits, 0 errors, 2 left on base; Palm Beach 0 - Americus 0 |
| BOTTOM OF THE 1ST |
|
Americus Braves batting - Pitching for Palm Beach Nationals : RHP Matt Norris
|
|
Pitching: RHP Matt Norris
|
|
|
Batting: RHB Joe Young
|
0-0: Ground out U3 (Groundball, 34S, EV 65.0 MPH)
|
|
Batting: SHB Jose Melendez
|
0-0: Called Strike 0-1: Ground out 1-3 (Groundball, P, EV 61.9 MPH)
|
|
Batting: RHB Hisayuki Akiyama
|
0-0: Foul Ball, location: 2F 0-1: Ball 1-1: SOLO HOME RUN (Flyball, 7D, EV 97.5 MPH), Distance : 391 ft
|
|
Batting: RHB Josh McCormick
|
0-0: Called Strike 0-1: Swinging Strike 0-2: Fly out, F8 (Flyball, 8RXD, EV 108.1 MPH)
|
| Bottom of the 1st over - 1 run, 1 hit, 0 errors, 0 left on base; Palm Beach 0 - Americus 1 |
| TOP OF THE 2ND |
|
Palm Beach Nationals batting - Pitching for Americus Braves : RHP Ioakim Mozgo
|
|
Batting: RHB Antonio Vallez
|
0-0: Called Strike 0-1: Ball 1-1: Foul Ball, location: 2F 1-2: Foul Ball, location: 2F 1-2: Strikes out swinging
|
|
Batting: RHB Justin Van Houten
|
0-0: Ball 1-0: Foul Ball, location: 2F 1-1: Ball 2-1: Ball 3-1: Called Strike 3-2: Strikes out swinging
|
|
Batting: RHB Kiyonaga Nakamura
|
0-0: Foul Ball, location: 2F 0-1: Ground out 4-3 (Groundball, 4M, EV 100.0 MPH)
|
| Top of the 2nd over - 0 runs, 0 hits, 0 errors, 0 left on base; Palm Beach 0 - Americus 1 |
| BOTTOM OF THE 2ND |
|
Americus Braves batting - Pitching for Palm Beach Nationals : RHP Matt Norris
|
|
Batting: LHB Erik Gretzky
|
0-0: Called Strike 0-1: Ball 1-1: Called Strike 1-2: Fly out, F8 (Line Drive, 8LM, EV 100.0 MPH)
|
|
Batting: SHB Jordan Barragan
|
0-0: SINGLE (Groundball, 34S, EV 66.9 MPH) (infield hit)
|
|
Batting: RHB Terry Hughes
|
0-0: Called Strike Jordan Barragan steals 2nd base (no throw) 0-1: Ball 1-1: Ball Jordan Barragan steals 3rd base 2-1: Ball 3-1: Swinging Strike 3-2: Foul Ball, location: 2F 3-2: Strikes out swinging
|
|
Batting: RHB George Provance
|
0-0: Ball 1-0: Foul Ball, location: 2F 1-1: Swinging Strike 1-2: Ball 2-2: Ball 3-2: Ground out U3 (Groundball, 34, EV 85.6 MPH)
|
| Bottom of the 2nd over - 0 runs, 1 hit, 0 errors, 1 left on base; Palm Beach 0 - Americus 1 |
| TOP OF THE 3RD |
|
Palm Beach Nationals batting - Pitching for Americus Braves : RHP Ioakim Mozgo
|
|
Batting: RHB Dave Burwell
|
0-0: Foul Ball, location: 2F 0-1: Ball 1-1: Called Strike 1-2: Ball 2-2: Ball 3-2: Strikes out swinging
|
|
Batting: RHB Bobby Bricker
|
0-0: Called Strike 0-1: Swinging Strike 0-2: Strikes out swinging
|
|
Batting: RHB Victor Cintron
|
0-0: Called Strike 0-1: Ball 1-1: Called Strike 1-2: Ball 2-2: Ball 3-2: Strikes out looking
|
| Top of the 3rd over - 0 runs, 0 hits, 0 errors, 0 left on base; Palm Beach 0 - Americus 1 |
| BOTTOM OF THE 3RD |
|
Americus Braves batting - Pitching for Palm Beach Nationals : RHP Matt Norris
|
|
Batting: RHB Phil Holman
|
0-0: Fly out, F7 (Line Drive, 7S, EV 85.6 MPH)
|
|
Batting: RHB Joe Young
|
0-0: Called Strike 0-1: Swinging Strike 0-2: Foul Ball, location: 2F 0-2: Strikes out swinging
|
|
Batting: SHB Jose Melendez
|
0-0: Called Strike 0-1: Ball 1-1: TRIPLE (Flyball, 89XD, EV 103.8 MPH)
|
|
Batting: RHB Hisayuki Akiyama
|
0-0: Ball 1-0: Ball 2-0: Ball 3-0: Base on Balls
|
|
Batting: RHB Josh McCormick
|
0-0: Ball 1-0: Called Strike 1-1: Swinging Strike 1-2: Ball 2-2: Foul Ball, location: 2F 2-2: Ground out 5-3 (Groundball, 56S, EV 88.8 MPH)
|
| Bottom of the 3rd over - 0 runs, 1 hit, 0 errors, 2 left on base; Palm Beach 0 - Americus 1 |
| TOP OF THE 4TH |
|
Palm Beach Nationals batting - Pitching for Americus Braves : RHP Ioakim Mozgo
|
|
Batting: LHB Chance McWilliams
|
0-0: Foul Ball, location: 2F 0-1: Called Strike 0-2: Foul Ball, location: 2F 0-2: SINGLE (Flyball, 5D, EV 88.8 MPH)
|
|
Batting: RHB Gabe Almazan
|
0-0: Called Strike 0-1: Ball 1-1: Ball 2-1: Fly out, F8 (Flyball, 8RXD, EV 106.9 MPH)
|
|
Batting: RHB Chad Madsen
|
0-0: Ball 1-0: Called Strike 1-1: Fly out, F8 (Line Drive, 8LM, EV 89.4 MPH)
|
|
Batting: RHB Antonio Vallez
|
0-0: Ball 1-0: Foul Ball, location: 2F 1-1: Foul Ball, location: 2F 1-2: Ball 2-2: Foul Ball, location: 2F 2-2: Strikes out swinging
|
| Top of the 4th over - 0 runs, 1 hit, 0 errors, 1 left on base; Palm Beach 0 - Americus 1 |
| BOTTOM OF THE 4TH |
|
Americus Braves batting - Pitching for Palm Beach Nationals : RHP Matt Norris
|
|
Batting: LHB Erik Gretzky
|
0-0: DOUBLE (Flyball, 8LXD, EV 111.9 MPH)
|
|
Batting: SHB Jordan Barragan
|
0-0: Called Strike 0-1: Ball 1-1: Foul Ball, location: 2F 1-2: Foul Ball, location: 2F 1-2: Ball 2-2: Ball 3-2: DOUBLE (Line Drive, 7LM, EV 103.8 MPH) Erik Gretzky scores
|
|
Batting: RHB Terry Hughes
|
0-0: Swinging Strike 0-1: Ball Jordan Barragan steals 3rd base 1-1: Called Strike 1-2: Ball 2-2: Strikes out swinging
|
|
Batting: RHB George Provance
|
0-0: Called Strike 0-1: SINGLE (Groundball, 6D, EV 111.3 MPH) Jordan Barragan scores
|
|
Batting: RHB Phil Holman
|
0-0: Ball George Provance steals 2nd base 1-0: Foul Ball, location: 2F 1-1: Foul Ball, location: 2F 1-2: Ground out 6-3 (Groundball, 6, EV 85.6 MPH) George Provance to third
|
|
Pitching: RHP Jelexiz Cuenca
|
|
|
Batting: RHB Joe Young
|
0-0: Ball 1-0: Swinging Strike 1-1: Fly out, F9 (Flyball, 89M, EV 84.4 MPH)
|
| Bottom of the 4th over - 2 runs, 3 hits, 0 errors, 1 left on base; Palm Beach 0 - Americus 3 |
| TOP OF THE 5TH |
|
Palm Beach Nationals batting - Pitching for Americus Braves : RHP Ioakim Mozgo
|
|
Batting: RHB Justin Van Houten
|
0-0: Ball 1-0: Swinging Strike 1-1: Ball 2-1: Ball 3-1: Called Strike 3-2: Foul Ball, location: 2F 3-2: Strikes out looking
|
|
Batting: RHB Kiyonaga Nakamura
|
0-0: Called Strike 0-1: Ball 1-1: Swinging Strike 1-2: Foul Ball, location: 2F 1-2: Strikes out swinging
|
|
Batting: RHB Dave Burwell
|
0-0: Ball 1-0: Foul Ball, location: 2F 1-1: Swinging Strike 1-2: Ball 2-2: Strikes out swinging
|
| Top of the 5th over - 0 runs, 0 hits, 0 errors, 0 left on base; Palm Beach 0 - Americus 3 |
| BOTTOM OF THE 5TH |
|
Americus Braves batting - Pitching for Palm Beach Nationals : RHP Jelexiz Cuenca
|
|
Batting: SHB Jose Melendez
|
0-0: Ball 1-0: Called Strike 1-1: Fly out, F9 (Flyball, 9, EV 86.3 MPH)
|
|
Batting: RHB Hisayuki Akiyama
|
0-0: Ball 1-0: Foul Ball, location: 2F 1-1: Swinging Strike 1-2: Foul Ball, location: 2F 1-2: Foul Ball, location: 2F 1-2: Ball 2-2: Ball 3-2: Fly out, F8 (Flyball, 8RS, EV 93.1 MPH)
|
|
Batting: RHB Josh McCormick
|
0-0: Called Strike 0-1: Ball 1-1: Foul Ball, location: 2F 1-2: Foul Ball, location: 2F 1-2: Ball 2-2: Foul Ball, location: 2F 2-2: Foul Ball, location: 2F 2-2: Ball 3-2: Base on Balls
|
|
Batting: LHB Erik Gretzky
|
0-0: Called Strike 0-1: SINGLE (Groundball, 6S, EV 68.1 MPH) (infield hit) Josh McCormick to second
|
|
Batting: SHB Jordan Barragan
|
0-0: Ball 1-0: Ball 2-0: Called Strike 2-1: Ball 3-1: Foul Ball, location: 2F 3-2: Base on Balls Josh McCormick to third Erik Gretzky to second
|
|
Batting: RHB Terry Hughes
|
0-0: Hit by Pitch Josh McCormick scores Erik Gretzky to third Jordan Barragan to second
|
|
Batting: RHB George Provance
|
0-0: Ground out 4-3 (Groundball, 4S, EV 88.1 MPH)
|
| Bottom of the 5th over - 1 run, 1 hit, 0 errors, 3 left on base; Palm Beach 0 - Americus 4 |
| TOP OF THE 6TH |
|
Palm Beach Nationals batting - Pitching for Americus Braves : RHP Ioakim Mozgo
|
|
Batting: RHB Bobby Bricker
|
0-0: Ball 1-0: Called Strike 1-1: Foul Ball, location: 2F 1-2: Ball 2-2: Foul Ball, location: 2F 2-2: Foul Ball, location: 2F 2-2: Ground out 4-3 (Groundball, 4MD, EV 103.1 MPH)
|
|
Batting: RHB Victor Cintron
|
0-0: Foul Ball, location: 2F 0-1: Foul Ball, location: 2F 0-2: Foul Ball, location: 2F 0-2: Ball 1-2: Foul Ball, location: 2F 1-2: Foul Ball, location: 2F 1-2: Foul Ball, location: 2F 1-2: Ground out 5-3 (Groundball, 5, EV 86.3 MPH)
|
|
Batting: LHB Chance McWilliams
|
0-0: Ball 1-0: Ball 2-0: Swinging Strike 2-1: Fly out, F8 (Flyball, 8LXD, EV 89.4 MPH)
|
| Top of the 6th over - 0 runs, 0 hits, 0 errors, 0 left on base; Palm Beach 0 - Americus 4 |
| BOTTOM OF THE 6TH |
|
Americus Braves batting - Pitching for Palm Beach Nationals : RHP Jelexiz Cuenca
|
|
Batting: RHB Phil Holman
|
0-0: Called Strike 0-1: Ball 1-1: Ball 2-1: SINGLE (Line Drive, 9S, EV 98.1 MPH)
|
|
Batting: RHB Joe Young
|
Balk! Phil Holman to second 0-0: Swinging Strike 0-1: Ball 1-1: Ball 2-1: Foul Ball, location: 2F 2-2: Foul Ball, location: 2F 2-2: Foul Ball, location: 2F 2-2: Ball 3-2: Fly out, F9 (Flyball, 9, EV 86.9 MPH)
|
|
Batting: SHB Jose Melendez
|
0-0: Called Strike 0-1: SINGLE (Line Drive, 34D, EV 103.8 MPH) Phil Holman to third
|
|
Batting: RHB Hisayuki Akiyama
|
Balk! Phil Holman scores Jose Melendez to second 0-0: Ball 1-0: SINGLE (Flyball, 5D, EV 89.4 MPH) - OUT at second base trying to stretch hit. Jose Melendez scores
|
|
Batting: RHB Josh McCormick
|
0-0: Ball 1-0: Swinging Strike 1-1: Foul Ball, location: 2F 1-2: Foul Ball, location: 2F 1-2: Fly out, F4 (Popup, 3S, EV 81.9 MPH)
|
| Bottom of the 6th over - 2 runs, 3 hits, 0 errors, 0 left on base; Palm Beach 0 - Americus 6 |
| TOP OF THE 7TH |
|
Palm Beach Nationals batting - Pitching for Americus Braves : RHP Ioakim Mozgo
|
|
Batting: RHB Gabe Almazan
|
0-0: Ball 1-0: Ball 2-0: Called Strike 2-1: Foul Ball, location: 2F 2-2: Ball 3-2: Foul Ball, location: 2F 3-2: Foul Ball, location: 2F 3-2: Strikes out swinging
|
|
Pitching: RHP Chris Hawkins
|
|
|
Batting: RHB Chad Madsen
|
0-0: Ball 1-0: Ground out 5-3 (Groundball, 56S, EV 74.4 MPH)
|
|
Batting: RHB Antonio Vallez
|
0-0: Called Strike 0-1: Ball 1-1: Ball 2-1: Ball 3-1: Swinging Strike 3-2: Foul Ball, location: 2F 3-2: Base on Balls
|
|
Batting: RHB Justin Van Houten
|
0-0: Called Strike Antonio Vallez steals 2nd base 0-1: Ball 1-1: Foul Ball, location: 2F 1-2: Foul Ball, location: 2F 1-2: Foul Ball, location: 2F 1-2: SINGLE (Line Drive, 9LM, EV 102.5 MPH) Antonio Vallez to third Runner from 3rd tries for Home, SAFE, throw by RF to home
|
|
Batting: RHB Kiyonaga Nakamura
|
0-0: Ball 1-0: Called Strike 1-1: Ball Justin Van Houten steals 2nd base 2-1: Ball 3-1: Ground out 4-3 (Groundball, 4, EV 101.3 MPH)
|
| Top of the 7th over - 1 run, 1 hit, 0 errors, 1 left on base; Palm Beach 1 - Americus 6 |
| BOTTOM OF THE 7TH |
|
Americus Braves batting - Pitching for Palm Beach Nationals : RHP Jelexiz Cuenca
|
|
Batting: LHB Erik Gretzky
|
0-0: Ball 1-0: Ball 2-0: Ball 3-0: Called Strike 3-1: Base on Balls
|
|
Batting: SHB Jordan Barragan
|
0-0: Ball 1-0: Ball 2-0: Ball 3-0: Base on Balls Erik Gretzky to second
|
|
Pitching: RHP Jessie Fisher
|
|
|
Batting: RHB Terry Hughes
|
0-0: Called Strike 0-1: Ball 1-1: Swinging Strike 1-2: Foul Ball, location: 2F 1-2: Fly out, F8 (Flyball, 8LXD, EV 91.3 MPH) Runner from 2nd tags up, SAFE at 3rd, no throw by CF
|
|
Batting: RHB George Provance
|
Pickoff Throw to First - Error! E1 Erik Gretzky scores Jordan Barragan to second 0-0: Foul Ball, location: 2F 0-1: Ball 1-1: Foul Ball, location: 2F 1-2: Foul Ball, location: 2F 1-2: Ball 2-2: Ground out 4-3 (Groundball, 4, EV 80.6 MPH) Jordan Barragan to third
|
|
Batting: RHB Phil Holman
|
0-0: Ball 1-0: Foul Ball, location: 2F 1-1: Ball 2-1: Swinging Strike 2-2: Ground out 5-3 (Groundball, 56, EV 105.0 MPH)
|
| Bottom of the 7th over - 1 run, 0 hits, 1 error, 1 left on base; Palm Beach 1 - Americus 7 |
| TOP OF THE 8TH |
|
Palm Beach Nationals batting - Pitching for Americus Braves : RHP Chris Hawkins
|
|
Pinch Hitting: LHB Vince McLane
|
0-0: Ground out U3 (Groundball, 3, EV 84.4 MPH)
|
|
Batting: RHB Bobby Bricker
|
0-0: Ball 1-0: Called Strike 1-1: Ball 2-1: Foul Ball, location: 2F 2-2: Foul Ball, location: 2F 2-2: Foul Ball, location: 2F 2-2: Strikes out swinging
|
|
Batting: RHB Victor Cintron
|
0-0: Ball 1-0: Foul Ball, location: 2F 1-1: Ball 2-1: Called Strike 2-2: Ball 3-2: Base on Balls
|
|
Pitching: RHP Greg Hart
|
|
|
Batting: LHB Chance McWilliams
|
0-0: Ball 1-0: Foul Ball, location: 2F 1-1: Ball 2-1: Ball 3-1: Foul Ball, location: 2F 3-2: Ground out 6-3 (Groundball, 56, EV 105.6 MPH)
|
| Top of the 8th over - 0 runs, 0 hits, 0 errors, 1 left on base; Palm Beach 1 - Americus 7 |
| BOTTOM OF THE 8TH |
|
Americus Braves batting - Pitching for Palm Beach Nationals : RHP Jessie Fisher
|
|
Now in RF: Vince McLane
|
|
|
Batting: RHB Joe Young
|
0-0: Called Strike 0-1: Swinging Strike 0-2: Ball 1-2: Ball 2-2: Foul Ball, location: 2F 2-2: Fly out, F7 (Flyball, 7, EV 93.8 MPH)
|
|
Batting: SHB Jose Melendez
|
0-0: Swinging Strike 0-1: Ball 1-1: Ball 2-1: Called Strike 2-2: Fly out, F7 (Flyball, 78S, EV 93.1 MPH)
|
|
Batting: RHB Hisayuki Akiyama
|
0-0: Ground out 6-3 (Groundball, 6, EV 78.1 MPH)
|
| Bottom of the 8th over - 0 runs, 0 hits, 0 errors, 0 left on base; Palm Beach 1 - Americus 7 |
| TOP OF THE 9TH |
|
Palm Beach Nationals batting - Pitching for Americus Braves : RHP Greg Hart
|
|
Batting: RHB Gabe Almazan
|
0-0: Ball 1-0: Foul Ball, location: 2F 1-1: Swinging Strike 1-2: Ball 2-2: Ground out U3 (Groundball, 34, EV 76.3 MPH)
|
|
Batting: RHB Chad Madsen
|
0-0: Ball 1-0: Ball 2-0: Called Strike 2-1: Ball 3-1: Foul Ball, location: 2F 3-2: Strikes out swinging
|
|
Batting: RHB Antonio Vallez
|
0-0: Called Strike 0-1: Called Strike 0-2: Ball 1-2: Ball 2-2: Ball 3-2: Strikes out swinging
|
| Top of the 9th over - 0 runs, 0 hits, 0 errors, 0 left on base; Palm Beach 1 - Americus 7 |
|